MLB
MONTREAL EXPOS @ CALIFORNIA ANGELS
09/21/2047
 
TOP OF THE 1ST
Montreal Expos batting - Pitching for California Angels : RHP Gus Morante
Pitching: RHP Gus Morante
Batting: RHB John Ham 0-0: Ground out 6-3 (Groundball, 6, EV 84.4 MPH)
Batting: LHB Bill McGregor 0-0: SOLO HOME RUN (Flyball, 89XD, EV 107.5 MPH), Distance : 437 ft
Batting: RHB Mike Salmon 0-0: Ball
1-0: Foul Ball, location: 2F
1-1: Foul Ball, location: 2F
1-2: Strikes out swinging
Batting: LHB Austin Ohmer 0-0: Ball
1-0: Foul Ball, location: 2F
1-1: Foul Ball, location: 2F
1-2: Foul Ball, location: 2F
1-2: Strikes out swinging
Top of the 1st over - 1 run, 1 hit, 0 errors, 0 left on base; Montreal 1 - California 0
BOTTOM OF THE 1ST
California Angels batting - Pitching for Montreal Expos : RHP Jonathan Jackson
Pitching: RHP Jonathan Jackson
Batting: LHB Rusty Ney 0-0: Ball
1-0: Fly out, F7 (Flyball, 7LS, EV 93.8 MPH)
Batting: LHB Javier Trujillo 0-0: Called Strike
0-1: Foul Ball, location: 2F
0-2: Ball
1-2: Ball
2-2: Strikes out swinging
Batting: RHB Alain Delhaye 0-0: Ball
1-0: DOUBLE (Groundball, 5D, EV 100.6 MPH)
Batting: RHB Preston Deakyne 0-0: Ball
1-0: Ball
2-0: DOUBLE (Flyball, 8LXD, EV 106.9 MPH)
Alain Delhaye scores
Batting: RHB Mike Harkins 0-0: Called Strike
0-1: Ball
1-1: Foul Ball, location: 2F
1-2: Ball
2-2: Ball
3-2: Foul Ball, location: 2F
3-2: Base on Balls
Batting: RHB Avery Maxwell 0-0: Ball
1-0: Ball
2-0: Ball
3-0: Called Strike
3-1: Base on Balls
Preston Deakyne to third
Mike Harkins to second
Batting: SHB Johnny Stables 0-0: Called Strike
0-1: Swinging Strike
0-2: Foul Ball, location: 2F
0-2: Ball
1-2: Ball
2-2: Fly out, F7 (Flyball, 7, EV 80.0 MPH)
Bottom of the 1st over - 1 run, 2 hits, 0 errors, 3 left on base; Montreal 1 - California 1
TOP OF THE 2ND
Montreal Expos batting - Pitching for California Angels : RHP Gus Morante
Batting: RHB Steve French 0-0: Swinging Strike
0-1: Called Strike
0-2: Strikes out swinging
Batting: LHB Steve Anderson 0-0: Ball
1-0: Ball
2-0: Called Strike
2-1: Ball
3-1: Base on Balls
Batting: RHB Hugo Bautista 0-0: Ball
1-0: Called Strike
1-1: Ball
2-1: Foul Ball, location: 2F
2-2: Ball
3-2: Foul Ball, location: 2F
3-2: Foul Ball, location: 2F
3-2: SINGLE (Line Drive, 89S, EV 103.1 MPH)
Steve Anderson to second
Batting: RHB Eugênio Asceno 0-0: Called Strike
0-1: Called Strike
0-2: Ball
1-2: Strikes out swinging
Batting: RHB Robby Juarez 0-0: Swinging Strike
0-1: Swinging Strike
0-2: Ball
1-2: Strikes out swinging
Top of the 2nd over - 0 runs, 1 hit, 0 errors, 2 left on base; Montreal 1 - California 1
BOTTOM OF THE 2ND
California Angels batting - Pitching for Montreal Expos : RHP Jonathan Jackson
Batting: RHB Luis Romero 0-0: Ball
1-0: Called Strike
1-1: Ball
2-1: Swinging Strike
2-2: Strikes out swinging
Batting: LHB Jack Bell 0-0: Fly out, F7 (Flyball, 7D, EV 101.9 MPH)
Batting: LHB Rusty Ney 0-0: Called Strike
0-1: Ball
1-1: Ball
2-1: Foul Ball, location: 2F
2-2: Ball
3-2: Fly out, F7 (Flyball, 7, EV 97.5 MPH)
Bottom of the 2nd over - 0 runs, 0 hits, 0 errors, 0 left on base; Montreal 1 - California 1
TOP OF THE 3RD
Montreal Expos batting - Pitching for California Angels : RHP Gus Morante
Batting: RHB John Ham 0-0: SINGLE (Groundball, 56D, EV 102.5 MPH)
Batting: LHB Bill McGregor 0-0: Ball
1-0: Foul Ball, location: 2F
1-1: SINGLE (Groundball, 25, EV 77.5 MPH) (infield hit)
John Ham to second
Batting: RHB Mike Salmon 0-0: Ball
1-0: Called Strike
1-1: Ball
2-1: Foul Ball, location: 2F
2-2: Strikes out swinging
Batting: LHB Austin Ohmer 0-0: Fly out, F8 (Flyball, 8LXD, EV 96.2 MPH)
Runner from 2nd tags up, SAFE at 3rd, no throw by CF
Batting: RHB Steve French 0-0: Ball
1-0: Foul Ball, location: 2F
1-1: Swinging Strike
1-2: Ball
2-2: Ground out 4-3 (Groundball, 13, EV 83.1 MPH)
Top of the 3rd over - 0 runs, 2 hits, 0 errors, 2 left on base; Montreal 1 - California 1
BOTTOM OF THE 3RD
California Angels batting - Pitching for Montreal Expos : RHP Jonathan Jackson
Batting: LHB Javier Trujillo 0-0: Called Strike
0-1: Ball
1-1: Ground out 5-3 (Groundball, 56S, EV 83.1 MPH)
Batting: RHB Alain Delhaye 0-0: Fly out, F7 (Line Drive, 7S, EV 88.1 MPH)
Batting: RHB Preston Deakyne 0-0: Fly out, F7 (Line Drive, 7LM, EV 110.6 MPH)
Bottom of the 3rd over - 0 runs, 0 hits, 0 errors, 0 left on base; Montreal 1 - California 1
TOP OF THE 4TH
Montreal Expos batting - Pitching for California Angels : RHP Gus Morante
Batting: LHB Steve Anderson 0-0: Ball
1-0: Called Strike
1-1: Called Strike
1-2: Foul Ball, location: 2F
1-2: Ball
2-2: Fly out, F7 (Flyball, 78M, EV 90.0 MPH)
Batting: RHB Hugo Bautista 0-0: Called Strike
0-1: Foul Ball, location: 2F
0-2: DOUBLE (Line Drive, 7LM, EV 93.8 MPH)
Batting: RHB Eugênio Asceno 0-0: Ball
1-0: Foul Ball, location: 2F
1-1: Ball
2-1: Swinging Strike
2-2: Strikes out looking
Batting: RHB Robby Juarez 0-0: Called Strike
0-1: Fly out, F8 (Flyball, 78D, EV 103.8 MPH)
Top of the 4th over - 0 runs, 1 hit, 0 errors, 1 left on base; Montreal 1 - California 1
BOTTOM OF THE 4TH
California Angels batting - Pitching for Montreal Expos : RHP Jonathan Jackson
Batting: RHB Mike Harkins 0-0: Ball
1-0: Ball
2-0: Ground out 4-3 (Groundball, 4, EV 101.9 MPH)
Batting: RHB Avery Maxwell 0-0: Ball
1-0: Called Strike
1-1: Foul Ball, location: 2F
1-2: Strikes out swinging
Batting: SHB Johnny Stables 0-0: Foul Ball, location: 2F
0-1: Called Strike
0-2: Strikes out looking
Bottom of the 4th over - 0 runs, 0 hits, 0 errors, 0 left on base; Montreal 1 - California 1
TOP OF THE 5TH
Montreal Expos batting - Pitching for California Angels : RHP Gus Morante
Batting: RHB John Ham 0-0: Ball
1-0: Called Strike
1-1: Ball
2-1: Foul Ball, location: 2F
2-2: Foul Ball, location: 2F
2-2: Strikes out looking
Batting: LHB Bill McGregor 0-0: DOUBLE (Line Drive, 89D, EV 111.9 MPH)
Batting: RHB Mike Salmon 0-0: Swinging Strike
0-1: Ball
1-1: Foul Ball, location: 2F
1-2: Ball
2-2: Strikes out swinging
Batting: LHB Austin Ohmer 0-0: Called Strike
0-1: Ball
1-1: Ball
2-1: Foul Ball, location: 2F
2-2: Ball
3-2: Base on Balls
Batting: RHB Steve French 0-0: Foul Ball, location: 2F
0-1: Called Strike
0-2: Ball
1-2: Fly out, F9 (Flyball, 9LMF, EV 80.0 MPH)
Top of the 5th over - 0 runs, 1 hit, 0 errors, 2 left on base; Montreal 1 - California 1
BOTTOM OF THE 5TH
California Angels batting - Pitching for Montreal Expos : RHP Jonathan Jackson
Batting: RHB Luis Romero 0-0: Ball
1-0: DOUBLE (Line Drive, 7LM, EV 108.8 MPH)
Batting: LHB Jack Bell 0-0: Sac Bunt to 25 - play at first, batter OUT! 5-3
Luis Romero to third
Batting: LHB Rusty Ney 0-0: Ball
1-0: Ball
2-0: Called Strike
2-1: Ground out U3 (Groundball, 3L, EV 86.2 MPH)
Batting: LHB Javier Trujillo 0-0: Ground out 5-3 (Groundball, 5, EV 83.8 MPH)
Bottom of the 5th over - 0 runs, 1 hit, 0 errors, 1 left on base; Montreal 1 - California 1
TOP OF THE 6TH
Montreal Expos batting - Pitching for California Angels : RHP Gus Morante
Batting: LHB Steve Anderson 0-0: Ground out 4-3 (Groundball, 4, EV 76.9 MPH)
Batting: RHB Hugo Bautista 0-0: Ball
1-0: Ball
2-0: Called Strike
2-1: Swinging Strike
2-2: Strikes out swinging
Batting: RHB Eugênio Asceno 0-0: Called Strike
0-1: Ball
1-1: Swinging Strike
1-2: Ball
2-2: Foul Ball, location: 2F
2-2: Strikes out swinging
Top of the 6th over - 0 runs, 0 hits, 0 errors, 0 left on base; Montreal 1 - California 1
BOTTOM OF THE 6TH
California Angels batting - Pitching for Montreal Expos : RHP Jonathan Jackson
Batting: RHB Alain Delhaye 0-0: Foul Ball, location: 2F
0-1: Ball
1-1: Ball
2-1: Foul Ball, location: 2F
2-2: Foul Ball, location: 2F
2-2: Foul Ball, location: 2F
2-2: Strikes out swinging
Batting: RHB Preston Deakyne 0-0: SINGLE (Line Drive, 34D, EV 111.2 MPH)
Batting: RHB Mike Harkins 0-0: Called Strike
Preston Deakyne is caught stealing 2nd base 2-4
0-1: Foul Ball, location: 2F
0-2: Ball
1-2: Ball
2-2: Ball
3-2: Foul Ball, location: 2F
3-2: SINGLE (Line Drive, 7LS, EV 92.5 MPH)
Batting: RHB Avery Maxwell 0-0: Ball
1-0: Called Strike
1-1: Called Strike
1-2: Strikes out looking
Bottom of the 6th over - 0 runs, 2 hits, 0 errors, 1 left on base; Montreal 1 - California 1
TOP OF THE 7TH
Montreal Expos batting - Pitching for California Angels : RHP Gus Morante
Pitching: LHP Joel Campbell
Batting: RHB Robby Juarez 0-0: Ball
1-0: Foul Ball, location: 2F
1-1: Foul Ball, location: 2F
1-2: Ball
2-2: Foul Ball, location: 2F
2-2: Foul Ball, location: 2F
2-2: Strikes out looking
Batting: RHB John Ham 0-0: Ball
1-0: Ball
2-0: Called Strike
2-1: Called Strike
2-2: Ground out 1-3 (Groundball, 15S, EV 70.6 MPH)
Pinch Hitting: RHB Shigem Kubo 0-0: Called Strike
0-1: Ball
1-1: Fly out, F8 (Flyball, 8LD, EV 83.1 MPH)
Top of the 7th over - 0 runs, 0 hits, 0 errors, 0 left on base; Montreal 1 - California 1
BOTTOM OF THE 7TH
California Angels batting - Pitching for Montreal Expos : RHP Jonathan Jackson
Now in RF: Shigem Kubo
Batting: SHB Johnny Stables 0-0: Fly out, F6 (Popup, 6M, EV 53.8 MPH)
Batting: RHB Luis Romero 0-0: Ball
1-0: Called Strike
1-1: Ball
2-1: Foul Ball, location: 2F
2-2: Foul Ball, location: 2F
2-2: Foul Ball, location: 2F
2-2: Foul Ball, location: 2F
2-2: SINGLE (Line Drive, 9S, EV 106.9 MPH)
Batting: LHB Jack Bell 0-0: Called Strike
0-1: Ball
1-1: Called Strike
1-2: Strikes out swinging
Batting: LHB Rusty Ney 0-0: Ball
1-0: Foul Ball, location: 2F
1-1: Ball
2-1: Foul Ball, location: 2F
2-2: Fly out, F3 (Popup, 3SF, EV 74.4 MPH)
Bottom of the 7th over - 0 runs, 1 hit, 0 errors, 1 left on base; Montreal 1 - California 1
TOP OF THE 8TH
Montreal Expos batting - Pitching for California Angels : LHP Joel Campbell
Batting: RHB Mike Salmon 0-0: Ball
1-0: Swinging Strike
1-1: Ball
2-1: Swinging Strike
2-2: Ball
3-2: Foul Ball, location: 2F
3-2: Reached on error, E6 (Groundball, 6, EV 108.1 MPH)
Batting: LHB Austin Ohmer 0-0: Swinging Strike
0-1: Swinging Strike
0-2: Strikes out looking
Batting: RHB Steve French 0-0: Swinging Strike
0-1: Ball
1-1: Foul Ball, location: 2F
1-2: Strikes out looking
Pinch Hitting: RHB C.J. Beavers 0-0: Called Strike
0-1: Ball
1-1: Foul Ball, location: 2F
1-2: Ball
2-2: SINGLE (Groundball, 34D, EV 106.2 MPH)
Mike Salmon to second
Runner from 2nd tries for 3rd, SAFE, throw by RF made to third
Batting: RHB Hugo Bautista 0-0: Ball
1-0: Foul Ball, location: 2F
1-1: 3-RUN HOME RUN (Flyball, 7D, EV 98.8 MPH), Distance : 383 ft
Pitching: LHP Trevor Sharp
Batting: RHB Eugênio Asceno 0-0: Called Strike
0-1: Ground out 6-3 (Groundball, 6, EV 103.1 MPH)
Top of the 8th over - 3 runs, 2 hits, 1 error, 0 left on base; Montreal 4 - California 1
BOTTOM OF THE 8TH
California Angels batting - Pitching for Montreal Expos : RHP Jonathan Jackson
Now at 3B: Danny Diaz
Batting: LHB Javier Trujillo 0-0: Called Strike
0-1: Ball
1-1: Foul Ball, location: 2F
1-2: Strikes out looking
Pitching: RHP Joel Montenegro
Batting: RHB Alain Delhaye 0-0: Ball
1-0: Ball
2-0: Foul Ball, location: 2F
2-1: Foul Ball, location: 2F
2-2: Foul Ball, location: 2F
2-2: Strikes out looking
Batting: RHB Preston Deakyne 0-0: Ball
1-0: Ball
2-0: Foul Ball, location: 2F
2-1: Foul Ball, location: 2F
2-2: Strikes out looking
Bottom of the 8th over - 0 runs, 0 hits, 0 errors, 0 left on base; Montreal 4 - California 1
TOP OF THE 9TH
Montreal Expos batting - Pitching for California Angels : LHP Trevor Sharp
Batting: RHB Robby Juarez 0-0: Called Strike
0-1: Called Strike
0-2: Ball
1-2: Fly out, F7 (Flyball, 7LS, EV 77.5 MPH)
Batting: RHB John Ham 0-0: DOUBLE (Line Drive, 78XD, EV 103.1 MPH)
Batting: RHB Shigem Kubo 0-0: Fly out, F8 (Flyball, 78M, EV 93.8 MPH)
Batting: RHB Mike Salmon 0-0: Ball
1-0: Ball
2-0: Ball
3-0: Base on Balls
Batting: LHB Austin Ohmer 0-0: Ball
1-0: Called Strike
1-1: Swinging Strike
1-2: Ball
2-2: Ball
3-2: Foul Ball, location: 2F
3-2: Base on Balls
John Ham to third
Mike Salmon to second
Batting: RHB Steve French 0-0: Ball
1-0: Swinging Strike
1-1: Foul Ball, location: 2F
1-2: Strikes out swinging
Top of the 9th over - 0 runs, 1 hit, 0 errors, 3 left on base; Montreal 4 - California 1
BOTTOM OF THE 9TH
California Angels batting - Pitching for Montreal Expos : RHP Joel Montenegro
Pitching: RHP Jakub Kvacek
Batting: RHB Mike Harkins 0-0: Swinging Strike
0-1: Ball
1-1: Ball
2-1: Swinging Strike
2-2: Ball
3-2: Strikes out swinging
Batting: RHB Avery Maxwell 0-0: Fly out, F8 (Flyball, 8LD, EV 101.2 MPH)
Batting: SHB Johnny Stables 0-0: Foul Ball, location: 2F
0-1: Ground out 4-3 (Groundball, 4, EV 108.1 MPH)
Bottom of the 9th over - 0 runs, 0 hits, 0 errors, 0 left on base; Montreal 4 - California 1
Thursday, December 15th , 2022 - OOTP Baseball 23.9 Build 102